 Dungeon Crawl Stone Soup version 0.31-a0-844-gdc52ec4e09 (webtiles) character file.

Game seed: 9534915516509880387

8997 Kurtz the Cleaver (level 11, -8/74 HPs)
             Began as an Octopode Fighter on Oct 1, 2023.
             Was an Initiate of Gozag.
             Mangled by a troll (9 damage)
             ... on level 11 of the Dungeon.
             The game lasted 00:19:01 (14710 turns).

Kurtz the Cleaver (Octopode Fighter)               Turns: 14710, Time: 00:19:03

Health: -8/74      AC:  1    Str: 17    XL:     11   Next: 39%
Magic:  0/11       EV: 14    Int: 23    God:    Gozag
Gold:   1490       SH:  9    Dex: 14    Spells: 9/10 levels left

rFire   + . .        a - +0 war axe
rCold   . . .        u - +0 kite shield
rNeg    . . .        (helmet restricted)
rPois   .            g - amulet of guardian spirit
rElec   .            w - ring of protection from fire
rCorr   .            i - +6 ring of intelligence
SInv    .            H - +6 ring of intelligence
Will    .....        (no ring)
Stlth   ++           (no ring)
HPRegen 0.32/turn    (no ring)
MPRegen 0.12/turn    (no ring)
                     (no ring)

%: guardian spirit
@: mighty
A: almost no armour, amphibious, 8 rings, camouflage 1, gelatinous body 1,
(nimble swimmer 1), tentacles
a: Renounce Religion, Potion Petition, Call Merchant, Bribe Branch


You were on level 11 of the Dungeon.
You worshipped Gozag.
Gozag was most pleased with you.
You visited 1 branch of the dungeon, and saw 11 of its levels.
You also visited: Sewer.

You collected 2391 gold pieces.
You spent 867 gold pieces at shops.
You paid 34 gold pieces to Gozag.

Inventory:

Hand Weapons
 a - a +0 war axe (weapon)
 A - a +4 whip
 F - a +2 flail
Missiles
 G - 7 poisoned darts (quivered)
Armour
 b - a +0 buckler
 u - a +0 kite shield (worn)
Jewellery
 g - an amulet of guardian spirit (around mantle)
 i - a +6 ring of intelligence (right tentacle)
 w - a ring of protection from fire (left tentacle)
 H - a +6 ring of intelligence (on tentacle)
Scrolls
 e - a scroll of fear
 f - 7 scrolls of teleportation
 j - 5 scrolls of fog
 k - a scroll of silence {unknown}
 l - 3 scrolls of poison {unknown}
 q - a scroll of brand weapon
 s - 2 scrolls of vulnerability
 v - 2 scrolls of revelation
 y - a scroll of enchant weapon {unknown}
 C - 2 scrolls of immolation
 D - 2 scrolls of acquirement {unknown}
 E - 2 scrolls of enchant armour
 I - a scroll of blinking
 J - a scroll of identify
Potions
 c - 4 potions of might
 d - 4 potions of heal wounds
 h - 4 potions of mutation
 m - 3 potions of brilliance {unknown}
 n - 2 potions of ambrosia {unknown}
 o - 3 potions of magic
 p - a potion of cancellation
 r - 3 potions of haste
 z - 3 potions of attraction
 B - a potion of berserk rage {unknown}
 K - a potion of lignification {unknown}


   Skills:
 * Level 6.6 Fighting
 + Level 14.8 Axes
 * Level 6.0 Dodging
 * Level 5.7 Shields


You had 9 spell levels left.
You knew the following spells:

 Your Spells              Type           Power      Damage    Failure   Level
a - Summon Small Mammal   Summ           0%         N/A       36%         1

Your spell library contained the following spells:

 Spells                   Type           Power      Damage    Failure   Level
 Apportation              Tloc           0%         N/A       36%         1
 Necrotise                Necr           0%         1d4       36%         1
 Olgreb's Toxic Radiance  Pois           0%         N/A       98%         4
 Discord                  Hex            0%         N/A       100%        8
 Ignition                 Fire           0%         3d3       100%        8


Dungeon Overview and Level Annotations

Branches:
Dungeon (11/15)            Temple (0/1) D:6            Lair (0/5) D:10
  Sewer (visited)
    Orc: D:9-12

Altars:
Cheibriados
Gozag
Hepliaklqana
Nemelex Xobeh
Okawaru
Sif Muna
Trog
Wu Jian
Yredelemnul

Shops:
D:5 (   D:8 !*   D:9 ?

Annotations:
D:5 exclusion: 2 downstairs
D:6 1 exclusion, Jeremiah
D:7 2 transporters


Innate Abilities, Weirdness & Mutations

You cannot wear most types of armour.
You are amphibious.
You can wear up to eight rings at the same time.
Your skin changes colour to match your surroundings (Stealth+).
Your rubbery body absorbs attacks. (AC +1, EV +1)
((You are camouflaged when in or above water. (Stealth+)))
You have tentacles for arms and can constrict up to eight enemies at once.


Message History

Unknown command.
You hit the troll but do no damage. Your squeeze misses the troll.
The troll is lightly wounded.
You block the troll's attack. The troll claws you! The troll misses you.
Your rat bites the troll but does no damage. x2
Unknown command.
You hit the troll.
The troll is lightly wounded.
The troll looks more healthy.
You block the troll's attack. The troll claws you.
The troll completely misses you.
Unknown command.
You feel very mighty all of a sudden.
Your rat bites the troll.
Your rat bites the troll but does no damage.
The troll bites you! The troll claws you. You block the troll's attack.
You barely miss the troll. You squeeze the troll!
The troll is moderately wounded.
Your rat bites the troll but does no damage.
Your rat completely misses the troll.
The troll bites you!
* * * LOW HITPOINT WARNING * * *
You block the troll's attack. The troll claws you!
* * * LOW HITPOINT WARNING * * *
You feel much better.
Your rat closely misses the troll. x2
The troll misses you. The troll barely misses you.
You block the troll's attack.
You barely miss the troll.
The troll is moderately wounded.
Your rat closely misses the troll.
Your rat barely misses the troll.
You block the troll's attack. The troll claws you!
* * * LOW HITPOINT WARNING * * *
You block the troll's attack.
Unknown command.
You hit the troll.
The troll is moderately wounded.
Your rat bites the troll.
Your rat misses the troll. The troll closely misses you. The troll claws you!
* * * LOW HITPOINT WARNING * * *
The troll claws you!
You die...
Your body crumbles into a pile of gold.

###..#####....# #.....
.... #....###..... ###
#.......~.~~. ..
#....#...~... #.#
#....###.~.~. ..
##....# #..... #.
##.....# ###.##
#.####...)..# #.##
#..@...#....# #...
##.T..[###### ####
+##.rr..# #####
....(.##.#########....
.....#..>..............
.....#############(....
..... ###........ .....
#....#..... ......
#....#.####


You could see a troll (ally target) and 2 friendly rats.

Vanquished Creatures
  A boulder beetle (D:10)
  A cyclops (D:11)
  An unseen horror (D:11)
  A troll (D:8)
  A hornet (D:8)
  2 shadows (D:10)
  2 wraiths (D:10)
  A water elemental (D:11)
  A wyvern (D:8)
  9 yaks
  2 fire bats (D:11)
  3 steam dragons
  4 water moccasins
  Duvessa (D:7)
  4 orc warriors
  An ice beast (D:8)
  A black bear (D:6)
  2 centaurs
  4 phantoms
  5 bullfrogs
  4 gnoll sergeants
  2 scorpions
  A water moccasin zombie (D:3)
  5 wights
  Dowan (D:6)
  9 killer bees
  2 howler monkeys (D:9)
  An orc priest (D:7)
  6 hounds
  5 jellies
  3 sleepcaps
  Ijyb (D:4)
  2 iguanas (D:6)
  7 orc wizards
  6 gnolls
  12 adders
  9 river rats (Sewer)
  2 white imps
  An ufetubus (D:4)
  An adder zombie (D:3)
  2 worms (D:3)
  2 dart slugs (D:2)
  16 orcs
  17 ball pythons
  9 endoplasms
  5 giant cockroaches
  5 goblins
  7 hobgoblins
  14 jackals
  5 quokkas
  A ball python zombie (D:3)
  5 bats
  3 frilled lizards
  A jackal zombie (D:3)
  12 kobolds
  14 rats
245 creatures vanquished.

Vanquished Creatures (collateral kills)
  3 yaks
3 creatures vanquished.

Vanquished Creatures (others)
  2 yaks
2 creatures vanquished.

Grand Total: 250 creatures vanquished

Notes
Turn   | Place    | Note
-------+----------+-------------------------------------------
     0 | D:1      | Kurtz the Octopode Fighter began the quest for the Orb.
     0 | D:1      | Reached XP level 1. HP: 16/16 MP: 1/1
   169 | D:1      | Reached XP level 2. HP: 17/21 MP: 2/2
   241 | D:1      | Reached skill level 3 in Axes
   782 | D:1      | Reached XP level 3. HP: 25/26 MP: 1/3
   843 | D:2      | Found an opulent altar of Gozag.
   929 | D:2      | Became a worshipper of Gozag Ym Sagoz the Greedy
  1167 | D:2      | Reached skill level 4 in Axes
  1259 | D:2      | Reached XP level 4. HP: 25/31 MP: 4/4
  1594 | D:3      | Noticed a scorpion
  1601 | D:3      | Killed a scorpion
  1602 | D:3      | Reached skill level 5 in Axes
  1602 | D:3      | Reached XP level 5. HP: 21/36 MP: 2/5
  1639 | D:3      | Found a snail-covered altar of Cheibriados.
  1708 | D:3      | Found a glowing drain.
  1715 | Sewer    | Entered a sewer
  1888 | Sewer    | Reached skill level 6 in Axes
  1961 | Sewer    | Reached XP level 6. HP: 42/42 MP: 6/6
  2212 | Sewer    | HP: 2/42 [bullfrog (6)]
  2216 | Sewer    | Reached skill level 7 in Axes
  2402 | D:3      | Reached XP level 7. HP: 7/46 MP: 0/7
  2802 | D:3      | Found a basalt altar of Yredelemnul.
  3209 | D:4      | Reached skill level 8 in Axes
  3424 | D:4      | Noticed Ijyb
  3431 | D:4      | Killed Ijyb
  3908 | D:4      | Found a hazy altar of Hepliaklqana.
  3966 | D:5      | Entered Level 5 of the Dungeon
  4191 | D:5      | Reached skill level 9 in Axes
  4305 | D:5      | Reached XP level 8. HP: 45/52 MP: 6/8
  4377 | D:5      | Found a sparkling altar of Nemelex Xobeh.
  4854 | D:5      | Found Zufeestre's Antique Weapon Shoppe.
  4980 | D:6      | Noticed Jeremiah
  5000 | D:6      | Noticed a yak
  5000 | D:6      | Noticed a yak
  5000 | D:6      | Noticed a yak
  5021 | D:5      | Killed a yak
  5022 | D:5      | Reached skill level 10 in Axes
  5499 | D:6      | Reached skill level 11 in Axes
  5610 | D:6      | Found a staircase to the Ecumenical Temple.
  5795 | D:6      | Reached XP level 9. HP: 19/56 MP: 1/9
  6560 | D:7      | Reached skill level 12 in Axes
  6673 | D:7      | Noticed a kobold demonologist
  6696 | D:7      | Noticed Dowan
  6697 | D:7      | Noticed Duvessa
  6709 | D:7      | Killed Duvessa
  6722 | D:6      | Killed Dowan
  7438 | D:7      | Found a transporter.
  7475 | D:7      | Found a transporter.
  7533 | D:7      | Reached skill level 13 in Axes
  7623 | D:6      | Learned a level 1 spell: Summon Small Mammal
  7839 | D:8      | Noticed a troll
  7852 | D:8      | Killed a troll
  7853 | D:8      | Reached XP level 10. HP: 36/63 MP: 3/10
  8030 | D:8      | Found Ymiacrag's General Store.
  8038 | D:8      | Bought 2 potions of haste for 260 gold pieces
  8038 | D:8      | Bought a scroll of fog for 52 gold pieces
  8038 | D:8      | Bought a scroll of identify for 26 gold pieces
  8038 | D:8      | Bought a scroll of enchant armour for 97 gold pieces
  8038 | D:8      | Bought a wand of charming (6) for 187 gold pieces
  8038 | D:8      | Bought a potion of degeneration for 13 gold pieces
  8407 | D:8      | Reached skill level 14 in Axes
  8567 | D:8      | Found Qaoffuj's Distillery.
  8855 | D:8      | Paralysed by a hornet for 1 turns
  9021 | D:8      | Found a bloodstained altar of Trog.
  9066 | D:8      | Found a shimmering blue altar of Sif Muna.
  9146 | D:8      | HP: 1/63 [yak (14)]
  9567 | D:9      | Found an iron altar of Okawaru.
 10170 | D:9      | Found Tooste Bugo's Magic Scroll Emporium.
 10190 | D:9      | Bought a scroll of teleportation for 48 gold pieces
 10190 | D:9      | Bought a scroll of blinking for 120 gold pieces
 10190 | D:9      | Bought a scroll of vulnerability for 64 gold pieces
 11261 | D:9      | Found an ornate altar of the Wu Jian Council.
 11396 | D:10     | Entered Level 10 of the Dungeon
 11574 | D:10     | Reached skill level 5 in Fighting
 11800 | D:10     | Found a staircase to the Lair.
 12298 | D:10     | Reached XP level 11. HP: 53/72 MP: 9/11
 12383 | D:10     | Found an opulent altar of Gozag.
 12428 | D:10     | Noticed a boulder beetle
 12448 | D:10     | Killed a boulder beetle
 12449 | D:10     | Reached skill level 5 in Dodging
 12449 | D:10     | Reached skill level 5 in Shields
 12958 | D:11     | Noticed a cyclops
 14561 | D:11     | Killed a cyclops
 14710 | D:11     | HP: 1/74 [troll (12)]
 14710 | D:11     | Mangled by a troll

Illustrated notes

Levels and vault maps discovered:
D:1:      spicycebolla_green_bress_n_ham, layout_basic, grunt_decor_arrowhead
D:2:      layout_basic, basic_altar, minmay_pentomino_z2
D:3:      layout_basic, slow_altar_1, nicolae_yredelemnul_corpse_copse,
          cheibrodos_sewer_entry_bend
D:4:      layout_cave_pods, kennysheep_mini, uniq_ijyb
D:5:      layout_gridville, nemelex_diamond_rough_becter, serial_shops,
          kennysheep_little_box
D:6:      layout_loops_cross, minmay_temple_entry_offerings, uniq_jeremiah
D:7:      gammafunk_wand_slinger, layout_loops_ring, uniq_duvessa
D:8:      layout_basic, overflow_temple_1_default, led_sif_pool, serial_shops,
          shop, shop, st_stairs_8
D:9:      layout_stronghold, nzn_wu_jian_council_hall,
          okawaru_metal_pillars_1_2, serial_shops, nicolae_shop_waterfront,
          abandoned_shop, grunt_decor_mini_mirrors, sword_in_stone
D:10:     layout_basic, nicolae_gozag_cash_rules_everything_around_me,
          dpeg_oklobed_lair, minmay_misc_feat_diagonals
D:11:     layout_basic, chequers_serial_rivers_micro_c, fedhas_altar_3

Skill      XL: |  1  2  3  4  5  6  7  8  9 10 11 |
---------------+----------------------------------+-----
Axes           | 3 4 5 6 7 9 11 13 14 | 14.8
Fighting       | 5 6 |  6.6
Dodging        | 4 6 |  6.0
Shields        | 4 5 |  5.7

Action                     |  1- 3 |  4- 6 |  7- 9 | 10-12 || total
---------------------------+-------+-------+-------+-------++-------
  Melee: War axe           |    68 |   121 |   276 |   284 ||   749
         Tentacles         |    14 |    21 |    58 |    84 ||   177
         Constrict         |    15 |    34 |    51 |    32 ||   132
         Punch             |       |     3 |     3 |     5 ||    11
  Throw: Dart              |       |       |     2 |    14 ||    16
         Throwing net      |       |       |       |     1 ||     1
   Cast: Summon Small Mamm |       |       |     4 |     4 ||     8
  Evoke: Wand              |       |       |    27 |    22 ||    49
    Use: Potion            |       |     1 |     1 |     7 ||     9
         Scroll            |       |       |       |    13 ||    13
   Stab: Sleeping          |    10 |     1 |    12 |     1 ||    24
         Distracted        |       |       |     3 |     1 ||     4
         Invisible         |       |       |       |     3 ||     3
         Betrayed ally     |       |       |       |     1 ||     1
 Armour: Skin              |    27 |    63 |   132 |   179 ||   401
  Dodge: Dodged            |    52 |    75 |   142 |   137 ||   406
  Block: Buckler           |    21 |    29 |    51 |     8 ||   109
         Kite shield       |       |       |       |   104 ||   104

Table legend: (Time is in decaauts)
 A = Elapsed time spent in this place.
 B = Non-inter-level travel time spent in this place.
 C = Inter-level travel time spent in this place.
 D = Time resting spent in this place.
 E = Time spent auto-exploring this place.
 F = Levels seen in this place.
 G = Mean time per level.
                   A        B        C        D        E       F      G
               +--------+--------+--------+--------+--------+-----+--------+
         Total |  14806 |  14194 |    612 |   4795 |   6942 |  12 | 1233.8 |
       Dungeon |  14123 |  13511 |    612 |   4559 |   6733 |  11 | 1283.9 |
         Sewer |    682 |    682 |      0 |    236 |    209 |   1 |  682.0 |
               +--------+--------+--------+--------+--------+-----+--------+

Top non-repeatable levels by time:
     D:8: 2096 daAuts
     D:9: 1813 daAuts
    D:10: 1669 daAuts
     D:6: 1597 daAuts
    D:11: 1380 daAuts
     D:5: 1255 daAuts
     D:3: 986 daAuts
     D:7: 961 daAuts
     D:1: 848 daAuts
     D:4: 799 daAuts
     D:2: 715 daAuts
   Sewer: 682 daAuts
